 Dungeon Sprint DCSS version 0.21-a0-414-gba8bdf1 (webtiles) character file.

16 Kidiri the Ruffian (level 2, -2/25 HPs)
             Began as a Draconian Transmuter on Nov 2, 2017.
             Was an Initiate of Wu Jian.
             Slain by a river rat (9 damage)
             ... in the Dungeon (Sprint VII: "The Pits").
             The game lasted 00:01:47 (148 turns).

Kidiri the Ruffian (Draconian Transmuter)            Turns: 148, Time: 00:01:47

Health: -2/25      AC:  4    Str: 12    XL:     2   Next: 41%
Magic:  4/5        EV: 12    Int: 13    God:    Wu Jian [......]
Gold:   0          SH:  0    Dex: 11    Spells: 3/6 levels left

rFire    . . .     SeeInvis .     - Unarmed
rCold    . . .     Gourm    .   (no shield)
rNeg     . . .     Faith    .   (armour unavailable)
rPois    .         Spirit   .   (helmet restricted)
rElec    .         Reflect  .   (no cloak)
rCorr    .         Harm     .   (no gloves)
MR       .....     NoTele   +   (boots currently unavailable)
Stlth    ++........             (no amulet)
HPRegen  0.08/turn              (no ring)
MPRegen  0.09/turn              (no ring)

@: appendage
A: unfitting armour, talons 3, cold-blooded, AC +4
a: End Transformation, Renounce Religion


You were in the Dungeon.
You worshipped Wu Jian.
Wu Jian was noncommittal.
You were not hungry.
You had grown temporary talons.
You visited 1 branch

Inventory:

Missiles
 a - 12 arrows
 q - 10 stones (quivered)
Scrolls
 i - a scroll of blinking
 l - 3 scrolls of remove curse
 m - 5 scrolls of amnesia
 n - a scroll of summoning
Potions
 f - a potion of haste
 g - 4 potions of magic
 h - 3 potions of berserk rage
 k - 2 potions of invisibility
Books
 b - a book of Changes

   Spells                             Type                      Level
   a - Beastly Appendage              Transmutation                1
   b - Sticks to Snakes               Transmutation                2
   c - Spider Form                    Transmutation/Poison         3
   d - Ice Form                       Ice/Transmutation            4
   e - Blade Hands                    Transmutation                5
Comestibles
 c - 8 bread rations
 j - 4 chunks of flesh
 o - 40 fruits
 p - 7 meat rations


   Skills:
 * Level 2.5 Fighting
 * Level 2.6 Dodging
 + Level 1.2 Stealth
 * Level 3.7 Unarmed Combat
 * Level 2.7 Spellcasting
 + Level 2.4 Transmutations


You had 3 spell levels left.
You knew the following spells:

 Your Spells              Type           Power        Failure   Level  Hunger
a - Beastly Appendage     Tmut           #.....       9%          1    #......
b - Sticks to Snakes      Tmut           #.......     13%         2    ###....


Dungeon Overview and Level Annotations

Branches:
Dungeon (1/1)

Altars:
Ashenzari
Cheibriados
Dithmenos
Elyvilon
Fedhas
Gozag
Hepliaklqana
Kikubaaqudgha
Makhleb
Nemelex Xobeh
Okawaru
Qazlal
Ru
Sif Muna
Trog
Uskayaw
Vehumet
Wu Jian
Xom
Yredelemnul
Zin
The Shining One
Beogh
Jiyva
Lugonu


Innate Abilities, Weirdness & Mutations

Your plain brown scales are hard. (AC +4)
You cannot fit into any form of body armour.
You are cold-blooded and may be slowed by cold attacks.
You have claws for feet.


Message History

The river rat is lightly wounded.
The bat hits you but does no damage. The river rat closely misses you.
You hit the river rat but do no damage. You claw the river rat.
The river rat is heavily wounded.
The bat closely misses you. The river rat bites you.
You are too injured to fight recklessly!
You are too injured to fight recklessly!
You are too injured to fight recklessly!
You are too injured to fight recklessly!
You are too injured to fight recklessly!
You closely miss the river rat. Your kick misses the river rat.
Your tail-slap misses the river rat.
Your punch misses the river rat.
The river rat is heavily wounded.
The bat hits you but does no damage. The river rat bites you.
* * * LOW HITPOINT WARNING * * *
Unknown command.
You hit the river rat.
The river rat is almost dead.
The river rat bites you!
You die...

#_________.#
#_______...###########++
##########+##...........
#.?|.+)))+.##......#..#.
##########.##...........
#..........)'...........
+#####'#####......#..#.
#)....##...........
#####@#####+#####++
#...r.##.......#
#...b.##.......#
###+####.......#
#...<...# #.......#
#.......# #.......#
#########


You could see a river rat and a bat.

Vanquished Creatures
  A gnoll (D)
  An ooze (D)
  A hobgoblin (D)
3 creatures vanquished.

Notes
Turn   | Place    | Note
-------+----------+-------------------------------------------
     0 | D        | Kidiri the Draconian Transmuter began the quest for the Orb.
     0 | D        | Reached XP level 1. HP: 16/16 MP: 3/3
    55 | D        | Found a bloodstained altar of Trog.
    55 | D        | Found a deep blue altar of Sif Muna.
    55 | D        | Found a viscous altar of Jiyva.
    55 | D        | Found a hazy altar of Hepliaklqana.
    55 | D        | Found an opulent altar of Gozag.
    56 | D        | Found a glowing golden altar of the Shining One.
    56 | D        | Found a glowing silver altar of Zin.
    56 | D        | Found a basalt altar of Yredelemnul.
    56 | D        | Found a shimmering altar of Xom.
    56 | D        | Found an ornate altar of the Wu Jian Council.
    56 | D        | Found a sacrificial altar of Ru.
    56 | D        | Found a stormy altar of Qazlal.
    56 | D        | Found an iron altar of Okawaru.
    56 | D        | Found a sparkling altar of Nemelex Xobeh.
    56 | D        | Found a burning altar of Makhleb.
    56 | D        | Found a blossoming altar of Fedhas.
    56 | D        | Found a white marble altar of Elyvilon.
    56 | D        | Found a shadowy altar of Dithmenos.
    56 | D        | Found a snail-covered altar of Cheibriados.
    58 | D        | Found a radiant altar of Vehumet.
    58 | D        | Found a corrupted altar of Lugonu.
    58 | D        | Found a roughly hewn altar of Beogh.
    59 | D        | Found a hide-covered altar of Uskayaw.
    59 | D        | Found an ancient bone altar of Kikubaaqudgha.
    59 | D        | Found a shattered altar of Ashenzari.
    65 | D        | Became a worshipper of the Wu Jian Council
    95 | D        | Reached skill level 1 in Stealth
    95 | D        | Reached XP level 2. HP: 25/25 MP: 1/5
   111 | D        | Learned a level 2 spell: Sticks to Snakes
   148 | D        | Slain by a river rat

Vault maps used:
D:        pitsprint

Skill      XL: |  1 |
---------------+----+-----
Dodging        | 2 |  2.6
Fighting       | 2 |  2.5
Stealth        | 1 |  1.2
Unarmed Combat | |  3.7
Spellcasting   | |  2.7
Transmutations | |  2.4

Action                   || total
-------------------------++-------
Melee: Unarmed           ||    20
       Headbutt          ||     3
       Tailslap          ||     2
       Kick              ||     1
 Cast: Beastly Appendage ||     4
  Use: Potion            ||     2
Armor: Skin              ||     3
Dodge: Dodged            ||    17

Table legend:
 A = Spawn XP
 B = Non-spawn XP
 C = Spawn XP percentage of total XP
 D = Spawn monster count
 E = Non-spawn monster count
 F = Spawn count percentage of total count
 G = Total turns spent on level
                    A         B        C        D         E        F      G
               +---------+---------+-------+---------+---------+-------+---------
         Total |       0 |      24 |   0.0 |       0 |       3 |   0.0 |   148
               +---------+---------+-------+---------+---------+-------+---------
             D |       0 |      24 |   0.0 |       0 |       3 |   0.0 |   148
               +---------+---------+-------+---------+---------+-------+---------
